 Dungeon Crawl Stone Soup version 0.28-a0-674-gdaf460b524 (webtiles) character file.

Game seed: 3867827417829863623

270 siradein the Poker (level 6, -6/47 HPs)
             Began as a Demonspawn Gladiator on Oct 18, 2021.
             Mangled by a goblin (8 damage)
             ... on level 4 of the Dungeon.
             The game lasted 00:11:42 (5296 turns).

siradein the Poker (Demonspawn Gladiator)           Turns: 5296, Time: 00:11:42

Health: -6/47      AC: -2    Str: 23    XL:     6   Next: 1%
Magic:  6/6        EV: 13    Int: 10    God:
Gold:   155        SH:  0    Dex: 15    Spells: 5/5 levels left

rFire   x . .      SeeInvis .   a - +0 trident
rCold   . . .      Faith    .   (no shield)
rNeg    . . .      Spirit   .   p - +2 robe "Weerike" {rF- Str+8}
rPois   .          Reflect  .   (helmet restricted)
rElec   .          Harm     .   (no cloak)
rCorr   .          Rampage  .   (no gloves)
Will    .....                   (no boots)
Stlth   +.........              f - amulet of magic regeneration
HPRegen 0.15/turn               (no ring)
MPRegen 0.35/turn               (no ring)

@: corroded
A: horns 1, slimy green scales 1, demonic magic 1
a: no special abilities


You were on level 4 of the Dungeon.
You visited 1 branch of the dungeon, and saw 4 of its levels.

You collected 155 gold pieces.

Inventory:

Hand Weapons
 a - a +0 trident (weapon)
 i - a +0 hunting sling
Missiles
 b - 42 sling bullets
 d - 3 throwing nets (quivered)
 e - 156 stones
 h - a curare-tipped dart
 m - 15 poisoned darts
Armour
 p - the +2 robe "Weerike" (worn) {rF- Str+8}
   (You found it on level 4 of the Dungeon)

   Str:       It affects your strength (+8).
   rF:        It makes you vulnerable to fire.
Jewellery
 f - an amulet of magic regeneration (around neck)
Scrolls
 c - a scroll of teleportation {unknown}
 k - a scroll of acquirement {unknown}
 l - a scroll of holy word {unknown}
 n - a scroll of amnesia {unknown}
Potions
 g - a potion of curing {unknown}
 j - a potion of flight {unknown}
 o - a potion of ambrosia {unknown}


   Skills:
 + Level 3.5 Fighting
 + Level 3.8 Polearms
 + Level 3.2 Throwing
 + Level 3.8 Dodging


You had 5 spell levels left.
You didn't know any spells.
Your spell library contained the following spells:

 Spells                   Type           Power      Damage    Failure   Level
 Static Discharge         Conj/Air       0%         N/A       50%         2
 Gell's Gravitas          Tloc           0%         N/A       75%         3
 Lesser Beckoning         Tloc           0%         N/A       75%         3
 Teleport Other           Tloc           0%         N/A       75%         3
 Lightning Bolt           Conj/Air       0%         1d11      100%        5
 Maxwell's Capacitive Co  Air            0%         ∞         100%        8


Dungeon Overview and Level Annotations

Branches:
Dungeon (4/15)
 Temple: D:4-7

Altars:
Kikubaaqudgha
Sif Muna
Trog
Xom

Shops:
D:1 :


Innate Abilities, Weirdness & Mutations

You have a pair of small horns on your head.
You are partially covered in slimy green scales. (AC +2)
Spells you cast may paralyse adjacent enemies.


Message History

You closely miss the giant cockroach. The giant cockroach barely misses you.
The giant cockroach bites you but does no damage.
You hit the giant cockroach.
The giant cockroach is moderately wounded.
The giant cockroach closely misses you.
The goblin shouts!
You hit the giant cockroach.
The giant cockroach is heavily wounded.
The giant cockroach bites you. The giant cockroach misses you.
You hit the giant cockroach.
You kill the giant cockroach!
The goblin zaps a wand.
The bolt of acid hits you. The acid corrodes you!
Things that are here:
a scroll labelled QOOPLA IFICK; a giant cockroach corpse The goblin zaps a wand.
The bolt of acid hits you!!
Ouch! That really hurt!
* * * LOW HITPOINT WARNING * * *
The acid corrodes you!
A hound skeleton comes into view.
You are too injured to fight recklessly!
You are too injured to fight recklessly!
You are too injured to fight recklessly!
You are too injured to fight recklessly!
You are too injured to fight recklessly!
You hit the goblin.
The goblin is heavily wounded.
The goblin zaps a wand.
The bolt of acid misses you.
You closely miss the goblin.
The goblin is heavily wounded.
The goblin hits you with a +0 mace.
* * * LOW HITPOINT WARNING * * *
You hit the goblin but do no damage.
The goblin is heavily wounded.
The goblin misses you.
You hit the goblin but do no damage.
The goblin is heavily wounded.
The hound skeleton bites you.
* * * LOW HITPOINT WARNING * * *
The goblin hits you with a +0 mace!
You die...

..##..
.#..##.......##_.'.8
.....
..................##.#..
..#..
.....###.#.........####'
.## .
.......#.#........## #..
####
.......#..#........# ##_
...#
.....#....#..|#...## ##
...# ....#............##
?..# ......Z...........#
.....#
......g@.?....#.###
.....# #.............###
....## .............##
..... ............##
...... ...##.....###
#..###[ .. ##..... .
.......# ......##


You could see a goblin and a hound skeleton.

Vanquished Creatures
  A kobold brigand (D:3)
  Robin (D:1)
  7 gnolls
  4 adders (D:2)
  An adder skeleton (D:4)
  A worm (D:3)
  A dart slug (D:2)
  An orc (D:3)
  5 ball pythons
  7 endoplasms
  11 giant cockroaches
  6 hobgoblins
  2 quokkas
  4 bats
  2 frilled lizards
  12 goblins
  9 kobolds
  5 rats
80 creatures vanquished.

Vanquished Creatures (others)
  A goblin (D:2)
1 creature vanquished.

Grand Total: 81 creatures vanquished

Notes
Turn   | Place    | Note
-------+----------+-------------------------------------------
     0 | D:1      | siradein the Demonspawn Gladiator began the quest for the
                  | Orb.
     0 | D:1      | Reached XP level 1. HP: 16/16 MP: 1/1
   449 | D:1      | Gained mutation: Spells you cast may paralyse adjacent
                  | enemies. [demonic ancestry]
   449 | D:1      | Reached XP level 2. HP: 21/22 MP: 2/2
   551 | D:1      | Found Umpush's Book Emporium.
   614 | D:1      | Found a faded altar of an unknown god.
  1165 | D:2      | Reached XP level 3. HP: 21/28 MP: 3/3
  1520 | D:2      | Noticed Robin
  1600 | D:1      | HP: 1/27 [goblin[Robin] (1)]
  2137 | D:1      | Killed Robin
  2466 | D:2      | Gained mutation: You have a pair of small horns on your
                  | head. [demonic ancestry]
  2466 | D:2      | Reached XP level 4. HP: 34/34 MP: 4/4
  3653 | D:3      | Noticed a kobold brigand
  3704 | D:3      | Killed a kobold brigand
  3705 | D:3      | Reached XP level 5. HP: 6/41 MP: 5/5
  4859 | D:4      | Found a bloodstained altar of Trog.
  5132 | D:4      | Identified the +2 robe "Weerike" {rF- Str+8}
  5209 | D:4      | Gained mutation: You are partially covered in slimy green
                  | scales. (AC +2) [demonic ancestry]
  5209 | D:4      | Reached XP level 6. HP: 47/47 MP: 6/6
  5238 | D:4      | Found an ancient bone altar of Kikubaaqudgha.
  5243 | D:4      | Found a shimmering altar of Xom.
  5247 | D:4      | Found a shimmering blue altar of Sif Muna.
  5296 | D:4      | HP: 2/47 [hound skeleton (3)]
  5296 | D:4      | Mangled by a goblin

Illustrated notes

Levels and vault maps discovered:
D:1:      dpeg_arrival_tiny_c, layout_basic, serial_shops, nicolae_shop_stone,
          hellmonk_ecumenical_altar_inner_sanctum
D:2:      minmay_alternating_diamond, layout_basic, uniq_robin
D:3:      layout_basic, portal_sewer_entry_f, item_on_display_a
D:4:      layout_cave_pools, grunt_temple_overflow_diamond,
          mainiacjoe_overflow_paths, amethyst_killhole,
          kennysheep_generic_room_7

Skill      XL: |  1  2  3  4 |
---------------+-------------+-----
Throwing       | 2 3 |  3.2
Polearms       | 3 |  3.8
Dodging        | 3 |  3.8
Fighting       | 3 |  3.5

Action                   |  1- 3 |  4- 6 || total
-------------------------+-------+-------++-------
Melee: Trident           |   136 |   131 ||   267
       Headbutt          |       |    16 ||    16
 Fire: Hunting sling     |       |    12 ||    12
  Use: Scroll            |       |     3 ||     3
 Stab: Sleeping          |     3 |       ||     3
Armor: Leather armour    |    35 |    23 ||    58
       Chain mail        |       |    28 ||    28
       Robe              |       |     5 ||     5
Dodge: Dodged            |    73 |    98 ||   171

Table legend: (Time is in decaauts)
 A = Elapsed time spent in this place.
 B = Non-inter-level travel time spent in this place.
 C = Inter-level travel time spent in this place.
 D = Time resting spent in this place.
 E = Time spent auto-exploring this place.
 F = Levels seen in this place.
 G = Mean time per level.
                   A        B        C        D        E       F      G
               +--------+--------+--------+--------+--------+-----+--------+
         Total |   5336 |   5218 |    118 |   1817 |   2050 |   4 | 1334.0 |
       Dungeon |   5336 |   5218 |    118 |   1817 |   2050 |   4 | 1334.0 |
               +--------+--------+--------+--------+--------+-----+--------+

Top non-repeatable levels by time:
     D:1: 2283 daAuts
     D:2: 1393 daAuts
     D:3: 1177 daAuts
     D:4: 482 daAuts
